 Dungeon Crawl Stone Soup version 0.30-a0-622-gddc90eaa04 (webtiles) character file.

Game seed: 3968758444286339605

53 testman the Slasher (level 3, -3/29 HPs)
             Began as a Merfolk Gladiator on Jan 10, 2023.
             Was a Follower of Makhleb.
             Slain by a kobold
             ... wielding a +0 short sword
              (4 damage)
             ... on level 2 of the Dungeon.
             The game lasted 00:02:43 (917 turns).

testman the Slasher (Merfolk Gladiator)              Turns: 917, Time: 00:02:44

Health: -3/29      AC:  4    Str: 14    XL:     3   Next: 89%
Magic:  4/4        EV: 13    Int:  7    God:    Makhleb [*.....]
Gold:   84         SH:  0    Dex: 17    Spells: 2/2 levels left

rFire   . . .      SeeInvis .    a - +0 long sword
rCold   . . .      Faith    +    (no shield)
rNeg    . . .      Spirit   .    b - +0 leather armour
rPois   .          Reflect  .    c - +0 helmet
rElec   .          Harm     .    (no cloak)
rCorr   .          Rampage  .    (no gloves)
Will    .....                    (no boots)
Stlth   +                        g - amulet of faith
HPRegen 0.24/turn                (no ring)
MPRegen 0.09/turn                (no ring)

@: no status effects
A: (nimble swimmer 2), mertail
a: Renounce Religion


You were on level 2 of the Dungeon.
You worshipped Makhleb.
Makhleb was aware of your devotion.
You visited 1 branch of the dungeon, and saw 2 of its levels.

You collected 84 gold pieces.

Inventory:

Hand Weapons
 a - a +0 long sword (weapon)
Missiles
 d - 3 throwing nets (quivered)
 e - a javelin
 j - 2 poisoned darts
Armour
 b - a +0 leather armour (worn)
 c - a +0 helmet (worn)
Jewellery
 g - an amulet of faith (around neck)
Scrolls
 l - 2 scrolls of teleportation {unknown}
 m - 2 scrolls of noise {unknown}
 o - a scroll of amnesia {unknown}
 p - a scroll of acquirement {unknown}
 q - a scroll of butterflies {unknown}
Potions
 f - 2 potions of curing {unknown}
 h - a potion of mutation {unknown}
 i - a potion of haste {unknown}
 k - a potion of heal wounds {unknown}
 n - a potion of degeneration {unknown}
 r - a potion of invisibility {unknown}


   Skills:
 + Level 3.2 Fighting
 + Level 4.5 Long Blades
 - Level 2.0 Throwing
 - Level 4.0 Dodging
 + Level 1.6 Invocations


You had 2 spell levels left.
You didn't know any spells.
Your spell library contained the following spells:

 Spells                   Type           Power      Damage    Failure   Level
 Freeze                   Ice            0%         1d3       52%         1
 Frozen Ramparts          Ice            0%         1d1       87%         3
 Hailstorm                Conj/Ice       0%         3d3       87%         3


Dungeon Overview and Level Annotations

Branches:
Dungeon (2/15)

Altars:
Makhleb


Innate Abilities, Weirdness & Mutations

((You are very nimble when in or above water. (Stealth+, EV+, Speed+++)))
Your lower body shifts to a powerful aquatic tail in water.


Message History

No target in view!
You now have 84 gold pieces (gained 11).
r - a bubbling black potion A gnoll comes into view.
It is wielding a +0 club.
The gnoll shouts!
You hear a shout! x2
A gnoll comes into view. It is wielding a +0 whip.
The gnoll shouts!
A kobold comes into view. It is wielding a +0 short sword.
A gnoll comes into view. It is wielding a +0 halberd.
The gnoll shouts!
The gnoll misses you.
You slash the gnoll!
The gnoll is severely wounded.
The gnoll hits you with a +0 club.
You closely miss the gnoll.
The gnoll is severely wounded.
The gnoll hits you with a +0 club.
You hit the gnoll but do no damage. The gnoll hits you with a +0 whip.
You hit the gnoll.
The gnoll is heavily wounded.
The gnoll completely misses you.
You barely miss the gnoll.
The gnoll is heavily wounded.
The gnoll barely misses you.
A worm comes into view.
You slash the gnoll!
You kill the gnoll!
Makhleb accepts your kill.
You feel better.
You closely miss the kobold.
The kobold hits you with a +0 short sword.
The gnoll misses you. x2; The kobold misses you.
You closely miss the kobold. The kobold barely misses you.
The gnoll hits you from afar with a +0 halberd!
* * * LOW HITPOINT WARNING * * *
You miss the kobold. The kobold closely misses you.
The gnoll hits you but does no damage.
You closely miss the kobold.
The kobold hits you with a +0 short sword.
You die...

#. #......)..# #
#.†.......# #........>#
### #.........# # ...
#.........# #.# #.#
##.......## .#... #.#
##.....## ......#g####
##.....## .....w.gK@.####
#.......#
...#######....###.......#
####...#.......#
###........## ###.......#
#...†...# #.......#
##.....## ##...##


You could see a worm, 2 gnolls and a kobold.

Vanquished Creatures
  A gnoll (D:2)
  2 adders (D:2)
  A dart slug (D:2)
  3 ball pythons
  An endoplasm (D:1)
  2 giant cockroaches
  A goblin (D:1)
  3 hobgoblins (D:1)
  4 quokkas
  2 bats (D:1)
  2 rats (D:1)
22 creatures vanquished.

Notes
Turn   | Place    | Note
-------+----------+-------------------------------------------
     0 | D:1      | testman the Merfolk Gladiator began the quest for the Orb.
     0 | D:1      | Reached XP level 1. HP: 16/16 MP: 1/1
   178 | D:1      | Found a faded altar of an unknown god.
   192 | D:1      | Reached XP level 2. HP: 17/23 MP: 2/2
   197 | D:1      | Prayed at the altar of an unknown god.
   197 | D:1      | Became a worshipper of Makhleb the Destroyer
   197 | D:1      | Reached * piety under Makhleb
   805 | D:2      | Reached skill level 1 in Invocations
   805 | D:2      | Reached XP level 3. HP: 26/28 MP: 3/3
   915 | D:2      | HP: 1/29 [gnoll/+0 halberd (13)]
   917 | D:2      | Slain by a kobold

Illustrated notes

Levels and vault maps discovered:
D:1:      lemuel_arrival_river_ford, layout_loops_ring,
          dreamdust_ecumenical_altar_grove
D:2:      layout_rooms, uniq_robin

Skill      XL: |  1  2  3 |
---------------+----------+-----
Long Blades    | 4 |  4.5
Invocations    | 1 |  1.6
Fighting       | 3 |  3.2
Throwing       | |  2.0
Dodging        | |  4.0

Action                   || total
-------------------------++-------
Melee: Long sword        ||    72
       Punch             ||     1
Armor: Leather armour    ||    22
Dodge: Dodged            ||    59

Table legend: (Time is in decaauts)
 A = Elapsed time spent in this place.
 B = Non-inter-level travel time spent in this place.
 C = Inter-level travel time spent in this place.
 D = Time resting spent in this place.
 E = Time spent auto-exploring this place.
 F = Levels seen in this place.
 G = Mean time per level.
                   A        B        C        D        E       F      G
               +--------+--------+--------+--------+--------+-----+--------+
         Total |    921 |    886 |     35 |      0 |    699 |   2 |  460.5 |
       Dungeon |    921 |    886 |     35 |      0 |    699 |   2 |  460.5 |
               +--------+--------+--------+--------+--------+-----+--------+

Top non-repeatable levels by time:
     D:1: 796 daAuts
     D:2: 125 daAuts
